 Dungeon Sprint DCSS version 0.22.1-2-g9c5b331 (webtiles) character file.

37545 diana the Imperceptible (level 13, -1/73 (74) HPs)
             Began as a Spriggan Assassin on Dec 20, 2018.
             Was the Champion of Dithmenos.
             Slain by a vampire knight
             ... wielding a +0 glaive
              (26 damage)
             ... in the Dungeon (Sprint III: "The Ten Rune Challenge").
             The game lasted 00:36:02 (4900 turns).

diana the Imperceptible (Spriggan Assassin)         Turns: 4900, Time: 00:36:02

HP:   -1/73 (74)    AC: 10    Str:  7    XL:     13   Next: 59%
MP:   19/27         EV: 38    Int: 12    God:    Dithmenos [******]
Gold: 3925          SH:  0    Dex: 23    Spells: 24/31 levels left

rFire    + . .     SeeInvis +   x - +3 scimitar (flame)
rCold    + . .     Gourm    .   (shield restricted)
rNeg     . . .     Faith    .   y - +1 robe {rC+ rF+}
rPois    .         Spirit   .   u - +2 hat
rElec    .         Reflect  .   d - +0 cloak
rCorr    .         Harm     .   (gloves unavailable)
MR       ++...     NoTele   +   (boots unavailable)
Stlth    ++++++++++             (no amulet)
HPRegen  0.22/turn              (no ring)
MPRegen  0.20/turn              (no ring)

@: wreathed by umbra, very quick
A: very small, unfitting armour, antennae 1, hooves 1, rugged brown scales 1,
slimy green scales 1, see invisible, herbivore, speed 3, slow metabolism 2, wild
magic 1
a: Shadow Step, Shadow Form, Renounce Religion


You were in the Dungeon.
You worshipped Dithmenos.
Dithmenos was exalted by your worship.
You were very hungry.

You visited 1 branch You collected 3925 gold pieces.

Inventory:

Hand Weapons
 a - a +2 dagger
 b - a +0 blowgun
 x - a +3 scimitar of flaming (weapon)
 A - a +4 vampiric rapier
 B - a +3 vampiric rapier
Missiles
 c - 5 needles of paralysis
 e - 5 poisoned needles
 f - 8 curare-tipped needles
 i - 5 needles of frenzy
Armour
 d - a +0 cloak (worn)
 u - a +2 hat (worn)
 y - a +1 robe of resistance (worn)
Wands
 z - a wand of acid (4)
Scrolls
 n - a scroll of holy word {unknown}
 o - a scroll of identify {unknown}
 p - a scroll of random uselessness {unknown}
 r - a scroll of immolation {unknown}
 s - a scroll of enchant armour {unknown}
Potions
 h - 2 potions of ambrosia {unknown}
 j - a potion of haste
 k - 2 potions of magic
 l - a potion of berserk rage
 m - a potion of degeneration {unknown}
 q - 3 potions of flight
 t - 3 potions of mutation
 v - a potion of might
Miscellaneous
 w - a crystal ball of energy
Comestibles
 g - 16 rations


   Skills:
 + Level 10.0 Fighting
 - Level 18.7 Short Blades
 + Level 5.4 Throwing
 + Level 9.0 Armour
 + Level 20.6 Dodging
 - Level 22.0 Stealth
 - Level 9.8 Spellcasting
 - Level 7.9 Hexes
 - Level 12.0 Transmutations
 - Level 7.2 Earth Magic
 + Level 9.3 Invocations


You had 24 spell levels left.
You knew the following spells:

 Your Spells              Type           Power        Failure   Level  Hunger
a - Confuse               Hex            ####....     2%          3    ##.....
b - Petrify               Tmut/Erth      #####...     4%          4    ####...

Your spell library contained the following spells:

 Spells                   Type           Power        Failure   Level  Hunger
 Confusing Touch          Hex            ####..       1%          1    None
 Yara's Violent Unravell  Hex/Tmut       #####.....   9%          5    #####..
 Corpse Rot               Necr           N/A          26%         2    None
 Sublimation of Blood     Necr           #.........   26%         2    None
 Gell's Gravitas          Tloc           #.........   45%         3    ##.....
 Metabolic Englaciation   Hex/Ice        ###.......   63%         5    #####..
 Agony                    Necr           #.......     99%         5    #####..
 Bolt of Draining         Conj/Necr      #.........   99%         5    #####..
 Dispel Undead            Necr           #.......     99%         5    #####..
 Excruciating Wounds      Chrm/Necr      #.........   99%         5    #####..


Dungeon Overview and Level Annotations

Branches:
Dungeon (1/1)

Altars:
Cheibriados
Dithmenos
Elyvilon
Fedhas
Gozag
Hepliaklqana
Kikubaaqudgha
Makhleb
Nemelex Xobeh
Okawaru
Qazlal
Ru
Sif Muna
Trog
Uskayaw
Vehumet
Wu Jian
Xom
Yredelemnul
Zin
The Shining One
Beogh
Jiyva
Lugonu

Shops:
D [:[?

Annotations:
D Chuck


Innate Abilities, Weirdness & Mutations

You are very small and have problems with some larger weapons.
You are too small for most types of armour.
You have supernaturally acute eyesight. (SInv)
You are a herbivore.
You cover ground extremely quickly.
You need to consume almost no food.
You have a pair of small antennae on your head.
You have large cloven feet.
You are partially covered in rugged brown scales. (AC +1, +3% HP)
You are partially covered in slimy green scales. (AC +2)
Your spells are a little harder to cast, but a little more powerful.


Message History

The vampire knight blinks!
There is an open door here.
Really walk into that bolt trap?
Okay, then.
A poisoned needle shoots out and misses you.
There is a needle trap here.
A bolt hits the vampire knight, but does no damage!
Wield which item (- for none, * to show all)? (? for menu, Esc to quit)
b - a +0 blowgun (weapon)
Firing (i - inventory. (/) - cycle)
e - 6 poisoned needles (quivered)
Press: ? - help, Shift-Dir - straight line, f/p - vampire knight
Aim: a vampire knight, wielding a glaive and wearing a plate armour (severely You shoot a poisoned needle.
The poisoned needle closely misses the vampire knight.
You found a needle trap!
Wield which item (- for none, * to show all)? (? for menu, Esc to quit)
Your +3 scimitar of flaming bursts into flame!
x - a +3 scimitar of flaming (weapon)
The vampire knight hits you from afar with a glaive!!
You die...

##
#....)#.#..#......#
§§ §
#)....#.#..#......#
§§§§
#.#)#.')#..#....^.#
§.§§
#..#..#.#..#...^^.#
.§§§
#.....###########'#
###
#################.#
{ {#.#(#)#)#.#.#.#
#+#+#'#'#'#'#'#'#'#
#^.^@.V.....^..^..#
#...^.....^^^...^^#
#+#+#+#+#+#+#'#+#'#
{#.#{#.# ▓▓▓ ▓▓▓


You could see a vampire knight (invisible).

Vanquished Creatures
  Rupert (D)
  Gastronok (D)
  4 azure jellies (D)
  2 dire elephants (D)
  A fire dragon (D)
  A yaktaur captain (D)
  2 hydras (D)
  Erica (D)
  An anaconda (D)
  3 centaur warriors (D)
  4 dancing weapons (D)
  Urug (D)
  A skeletal warrior (D)
  3 death drakes (D)
  An unseen horror (D)
  A lindwurm (D)
  Joseph (D)
  4 ugly things (D)
  A deep elf mage (D)
  2 elephants (D)
  2 spiny frogs (D)
  A rime drake (D)
  A komodo dragon (D)
  3 wandering mushrooms (D)
  A queen bee (D)
  3 guardian mummies (D)
  4 spriggan defenders (D)
  7 blink frogs (D)
  3 orc high priests (D)
  3 slime creatures (D)
  2 tyrant leeches (D)
  3 redbacks (D)
  A spriggan (D)
  A shadow (D)
  A water moccasin (D)
  A spatial vortex (D)
  A swamp drake (D)
  3 orc warriors (D)
  A necrophage (D)
  3 swamp dragon skeletons (D)
  2 centaurs (D)
  An earth elemental (D)
  A water elemental (D)
  A scorpion (D)
  32 killer bees (D)
  An electric eel (D)
  A jelly (D)
  5 orc priests (D)
  2 orc wizards (D)
  A wizard (D)
  A necromancer (D)
  3 humans (D)
  A kobold demonologist (D)
  An ooze (D)
  9 orcs (D)
  A bat simulacrum (D)
  A jackal simulacrum (D)
  A leopard gecko zombie (D)
  3 rats (D)
149 creatures vanquished.

Vanquished Creatures (others)
  Harold (D)
  2 draconian scorchers (D)
  A spriggan druid (D)
  6 hellions (D)
  2 yaktaurs (D)
  A spriggan (D)
  A bush (D)
  14 plants (D)
28 creatures vanquished.

Grand Total: 177 creatures vanquished

Notes
Turn   | Place    | Note
-------+----------+-------------------------------------------
     0 | D        | diana the Spriggan Assassin began the quest for the Orb.
     0 | D        | Reached XP level 1. HP: 10/10 MP: 2/2
     4 | D        | Reached skill level 6 in Stealth
     9 | D        | Reached skill level 7 in Stealth
    57 | D        | Killed a yaktaur
    97 | D        | Killed a hellion
   107 | D        | Killed a hellion
   109 | D        | Killed a hellion
   109 | D        | Killed a hellion
   113 | D        | Killed a hellion
   159 | D        | Noticed a scorpion
   166 | D        | Killed a scorpion
   166 | D        | Reached skill level 5 in Short Blades
   166 | D        | Reached skill level 11 in Stealth
   166 | D        | Reached XP level 2. HP: 14/14 MP: 3/3
   166 | D        | Reached XP level 3. HP: 18/18 MP: 4/4
   180 | D        | Gained mutation: Your system is resistant to poisons.
                  | (rPois) [potion of mutation]
   180 | D        | Gained mutation: You have sharp fingernails. [potion of
                  | mutation]
   226 | D        | Reached XP level 4. HP: 22/22 MP: 5/5
   227 | D        | Killed a white draconian scorcher
   234 | D        | Killed a white draconian scorcher
   241 | D        | Killed a hellion
   260 | D        | Lost mutation: You have sharp fingernails. [potion of
                  | mutation]
   260 | D        | Lost mutation: Your system is resistant to poisons. (rPois)
                  | [potion of mutation]
   260 | D        | Gained mutation: You are partially covered in rugged brown
                  | scales. (AC +1, +3% HP) [potion of mutation]
   260 | D        | Gained mutation: Your spells are a little harder to cast,
                  | but a little more powerful. [potion of mutation]
   260 | D        | Gained mutation: You have large cloven feet. [potion of
                  | mutation]
   261 | D        | Gained mutation: You have a pair of small antennae on your
                  | head. [potion of mutation]
   261 | D        | Gained mutation: You are partially covered in slimy green
                  | scales. (AC +2) [potion of mutation]
   284 | D        | Noticed a water elemental
   286 | D        | Killed a water elemental
   286 | D        | Reached skill level 13 in Stealth
   289 | D        | Found a glowing silver altar of Zin.
   289 | D        | Found a glowing golden altar of the Shining One.
   289 | D        | Found a white marble altar of Elyvilon.
   290 | D        | Noticed a deep elf mage
   292 | D        | Killed a deep elf mage
   292 | D        | Reached skill level 18 in Stealth
   292 | D        | Reached XP level 5. HP: 25/25 MP: 6/6
   292 | D        | Reached XP level 6. HP: 30/30 MP: 7/7
   299 | D        | Found a hide-covered altar of Uskayaw.
   299 | D        | Found a roughly hewn altar of Beogh.
   299 | D        | Found an iron altar of Okawaru.
   299 | D        | Found a bloodstained altar of Trog.
   299 | D        | Found an ornate altar of the Wu Jian Council.
   299 | D        | Noticed a human
   299 | D        | Noticed a human
   302 | D        | Killed a human
   302 | D        | Reached skill level 10 in Short Blades
   302 | D        | Reached XP level 7. HP: 33/33 MP: 8/8
   303 | D        | Killed a human
   303 | D        | Reached skill level 19 in Stealth
   322 | D        | Found a radiant altar of Vehumet.
   323 | D        | Found a deep blue altar of Sif Muna.
   323 | D        | Found an ancient bone altar of Kikubaaqudgha.
   336 | D        | Found a basalt altar of Yredelemnul.
   336 | D        | Found a shadowy altar of Dithmenos.
   336 | D        | Found a sacrificial altar of Ru.
   339 | D        | Reached skill level 20 in Stealth
   345 | D        | Became a worshipper of Dithmenos the Shadowed
   351 | D        | Noticed a shadow
   353 | D        | Killed a shadow
   353 | D        | Reached XP level 8. HP: 38/38 MP: 9/9
   359 | D        | Found a blossoming altar of Fedhas.
   359 | D        | Found a stormy altar of Qazlal.
   359 | D        | Found a snail-covered altar of Cheibriados.
   359 | D        | Found a burning altar of Makhleb.
   359 | D        | Found a shimmering altar of Xom.
   360 | D        | Found a hazy altar of Hepliaklqana.
   360 | D        | Found an opulent altar of Gozag.
   360 | D        | Found a sparkling altar of Nemelex Xobeh.
   360 | D        | Found a corrupted altar of Lugonu.
   360 | D        | Found a viscous altar of Jiyva.
   364 | D        | Reached * piety under Dithmenos
   364 | D        | Reached skill level 21 in Stealth
   399 | D        | Learned a level 3 spell: Confuse
   418 | D        | Noticed Erica
   420 | D        | Killed Erica
   420 | D        | Reached skill level 5 in Dodging
   475 | D        | Noticed a centaur warrior
   477 | D        | Reached ** piety under Dithmenos
   477 | D        | Reached XP level 9. HP: 42/42 MP: 15/17
   479 | D        | Killed a centaur warrior
   480 | D        | Reached skill level 22 in Stealth
   496 | D        | Found Voetoule's Armour Boutique.
   528 | D        | Reached *** piety under Dithmenos
   570 | D        | Reached **** piety under Dithmenos
   640 | D        | Reached ***** piety under Dithmenos
   859 | D        | Noticed an unseen horror
   863 | D        | Killed an unseen horror
   870 | D        | Learned a level 4 spell: Petrify
   871 | D        | Noticed Harold
   871 | D        | Noticed Joseph
   947 | D        | Killed Joseph
   947 | D        | Reached skill level 10 in Dodging
   947 | D        | Reached XP level 10. HP: 47/47 MP: 2/22
   959 | D        | Killed Harold
   959 | D        | Reached skill level 5 in Transmutations
  1126 | D        | Reached ****** piety under Dithmenos
  1208 | D        | Reached skill level 5 in Earth Magic
  1894 | D        | Noticed a spiny frog
  1894 | D        | Noticed a spiny frog
  1896 | D        | Reached XP level 11. HP: 46/50 MP: 18/23
  1898 | D        | Reached skill level 15 in Short Blades
  1971 | D        | Reached skill level 5 in Invocations
  2055 | D        | Noticed a lindwurm
  2058 | D        | Killed a lindwurm
  2058 | D        | Reached skill level 10 in Transmutations
  2066 | D        | Noticed Urug
  2068 | D        | Killed Urug
  2076 | D        | Noticed an eight-headed hydra
  2076 | D        | Noticed a seven-headed hydra
  2090 | D        | Killed a seven-headed hydra
  2097 | D        | Killed an eight-headed hydra
  2309 | D        | Noticed a death drake
  2312 | D        | Killed a death drake
  2312 | D        | Reached skill level 15 in Dodging
  2357 | D        | Noticed a death drake
  2359 | D        | Killed a death drake
  2362 | D        | Noticed a death drake
  2363 | D        | Found Ryowown's Book Emporium.
  2363 | D        | Found Acif's Antique Armour Shop.
  2366 | D        | Killed a death drake
  2623 | D        | Found Haipyapa's Magic Scroll Shoppe.
  2886 | D        | Found a blossoming altar of Fedhas.
  2886 | D        | Noticed a spriggan druid
  2898 | D        | Noticed an anaconda
  2937 | D        | Killed an anaconda
  2937 | D        | Reached skill level 1 in Armour
  3032 | D        | Killed a spriggan druid
  3308 | D        | Reached XP level 12. HP: 54/57 MP: 22/26
  3520 | D        | Noticed Rupert
  3523 | D        | Killed Rupert
  3534 | D        | Noticed an azure jelly
  3534 | D        | Noticed an azure jelly
  3534 | D        | Noticed an azure jelly
  3534 | D        | Noticed an azure jelly
  3540 | D        | Killed an azure jelly
  3540 | D        | Reached skill level 5 in Fighting
  3541 | D        | Killed an azure jelly
  3541 | D        | Reached skill level 5 in Armour
  3542 | D        | Noticed a death yak
  3542 | D        | Noticed a death yak
  3543 | D        | Killed an azure jelly
  3544 | D        | Killed an azure jelly
  3545 | D        | Noticed a death yak
  3545 | D        | Noticed a death yak
  3554 | D        | Noticed a dire elephant
  3554 | D        | Noticed a dire elephant
  3554 | D        | Noticed Gastronok
  3556 | D        | Killed Gastronok
  3557 | D        | Killed a dire elephant
  3559 | D        | Killed a dire elephant
  3561 | D        | Reached XP level 13. HP: 65/70 MP: 22/27
  4204 | D        | Noticed a fire dragon
  4208 | D        | Killed a fire dragon
  4607 | D        | Noticed Chuck
  4664 | D        | Reached skill level 5 in Throwing
  4855 | D        | Reached skill level 10 in Fighting
  4861 | D        | Noticed a vampire knight
  4900 | D        | Slain by a vampire knight

Skill      XL: |  1  2  3  4  5  6  7  8  9 10 11 12 13 |
---------------+----------------------------------------+-----
Stealth        | 11 18 20 21 22 | 22.0
Short Blades   | 5 9 10 11 12 13 14 16 18 | 18.7
Dodging        | 6 10 13 16 18 20 | 20.6
Spellcasting   | 4 7 9 |  9.8
Hexes          | 4 7 |  7.9
Invocations    | 3 4 7 9 |  9.3
Transmutations | 3 9 12 | 12.0
Earth Magic    | 2 6 7 |  7.2
Fighting       | 3 7 10 | 10.0
Armour         | 2 7 9 |  9.0
Throwing       | 5 |  5.4

Action                   |  1- 3 |  4- 6 |  7- 9 | 10-12 | 13-15 || total
-------------------------+-------+-------+-------+-------+-------++-------
Melee: Dagger            |    15 |     3 |    95 |   318 |    87 ||   518
       Kick              |       |       |    26 |    60 |    32 ||   118
       Scimitar          |       |       |       |       |    16 ||    16
 Fire: Blowgun           |     9 |       |       |     2 |     1 ||    12
 Cast: Confuse           |       |       |    20 |    38 |    22 ||    80
       Petrify           |       |       |       |    10 |     5 ||    15
Invok: Shadow Step       |       |       |       |     4 |     5 ||     9
       Shadow Form       |       |       |       |     1 |       ||     1
  Use: Potion            |     1 |     2 |       |     4 |       ||     7
       Scroll            |       |       |       |     2 |       ||     2
 Stab: Sleeping          |     4 |     3 |    14 |    29 |    25 ||    75
       Confused          |       |       |    12 |    23 |     9 ||    44
       Distracted        |       |       |     3 |     3 |     1 ||     7
       Petrified         |       |       |       |     5 |     1 ||     6
  Eat: Ration            |       |       |       |     3 |     1 ||     4
Armor: Robe              |     1 |       |       |    10 |     4 ||    15
Dodge: Dodged            |     5 |       |    29 |   285 |    56 ||   375
       Rpst.: Scimitar   |       |       |       |       |     4 ||     4
